EVO
UNIVERSITY OF NORTH CAROLINA AT CHAPEL HILL TAR HEELS @ UCLA BRUINS
10/24/2044
 
TOP OF THE 1ST
Rice University Owls batting - Pitching for University of South Carolina Gamecocks : LHP Jason Alexander
Pitching: LHP Jason Alexander
Batting: RHB Jose Ramirez 0-0: Ball
1-0: Called Strike
1-1: Called Strike
1-2: Strikes out looking
Batting: RHB Edgar Garcia 0-0: Ball
1-0: Swinging Strike
1-1: Foul Ball, location: 2F
1-2: Ball
2-2: Ball
3-2: Base on Balls
Batting: RHB Mike Cavagnaro 0-0: Called Strike
0-1: Foul Ball, location: 2F
0-2: Grounds into double play, 6-4-3 (Groundball, 6, EV 104.4 MPH)
Top of the 1st over - 0 runs, 0 hits, 0 errors, 0 left on base; Rice University 0 - University of South Carolina 0
BOTTOM OF THE 1ST
University of South Carolina Gamecocks batting - Pitching for Rice University Owls : LHP Larry Schall
Pitching: LHP Larry Schall
Batting: LHB Ramon Vega 0-0: Foul Ball, location: 2F
0-1: Fly out, F9 (Flyball, 9S, EV 95.6 MPH)
Batting: RHB Duncan Collins 0-0: Ball
1-0: Foul Ball, location: 2F
1-1: Ball
2-1: Foul Ball, location: 2F
2-2: Ball
3-2: Fly out, F8 (Line Drive, 8LD, EV 85.6 MPH)
Batting: RHB Lucan Esini 0-0: Ground out 5-3 (Groundball, 56, EV 85.0 MPH)
Bottom of the 1st over - 0 runs, 0 hits, 0 errors, 0 left on base; Rice University 0 - University of South Carolina 0
TOP OF THE 2ND
Rice University Owls batting - Pitching for University of South Carolina Gamecocks : LHP Jason Alexander
Batting: LHB Kelvin Jones 0-0: Foul Ball, location: 2F
0-1: Foul Ball, location: 2F
0-2: Ball
1-2: Foul Ball, location: 2F
1-2: Ball
2-2: Foul Ball, location: 2F
2-2: Ball
3-2: Base on Balls
Batting: LHB Chance McWilliams 0-0: Ball
1-0: Called Strike
1-1: Ball
2-1: Called Strike
2-2: SINGLE (Line Drive, 7S, EV 95.0 MPH)
Kelvin Jones to second
Batting: LHB Justin Blakely 0-0: Called Strike
0-1: Called Strike
0-2: Ball
1-2: Strikes out swinging
Batting: LHB Igor Ciobanu 0-0: Ball
1-0: Grounds into double play, 4-6-3 (Groundball, 4MS, EV 92.5 MPH)
Top of the 2nd over - 0 runs, 1 hit, 0 errors, 1 left on base; Rice University 0 - University of South Carolina 0
BOTTOM OF THE 2ND
University of South Carolina Gamecocks batting - Pitching for Rice University Owls : LHP Larry Schall
Batting: RHB John Rios 0-0: Called Strike
0-1: Foul Ball, location: 2F
0-2: Ball
1-2: Strikes out swinging
Batting: LHB Luke Coulter 0-0: Ball
1-0: Called Strike
1-1: Swinging Strike
1-2: Strikes out looking
Batting: RHB Andrew Rich 0-0: Ball
1-0: Foul Ball, location: 2F
1-1: Swinging Strike
1-2: Foul Ball, location: 2F
1-2: Ball
2-2: Ball
3-2: Base on Balls
Batting: RHB Ryan Pelletier 0-0: Ground out 4-3 (Groundball, 34, EV 80.6 MPH)
Bottom of the 2nd over - 0 runs, 0 hits, 0 errors, 1 left on base; Rice University 0 - University of South Carolina 0
TOP OF THE 3RD
Rice University Owls batting - Pitching for University of South Carolina Gamecocks : LHP Jason Alexander
Batting: LHB Stephen Van Raalte 0-0: Ball
1-0: Ball
2-0: Ball
3-0: Called Strike
3-1: Base on Balls
Batting: RHB Alvaro Romero 0-0: Ball
Wild Pitch!
Stephen Van Raalte to second
1-0: Swinging Strike
1-1: Ball
2-1: Ball
3-1: Called Strike
3-2: Ground out 4-3 (Groundball, 4S, EV 80.6 MPH)
Stephen Van Raalte to third
Batting: RHB Jose Ramirez 0-0: Ball
1-0: Fly out, F7 (Flyball, 78S, EV 86.9 MPH)
Batting: RHB Edgar Garcia 0-0: Foul Ball, location: 2F
0-1: Foul Ball, location: 2F
0-2: DOUBLE (Flyball, 8RXD, EV 109.4 MPH)
Stephen Van Raalte scores
Batting: RHB Mike Cavagnaro 0-0: SINGLE (Flyball, 34D, EV 93.8 MPH)
Edgar Garcia to third
Runner from 3rd tries for Home, SAFE, throw by RF to home
Mike Cavagnaro to second
Batting: LHB Kelvin Jones 0-0: Ball
1-0: Called Strike
1-1: Foul Ball, location: 2F
1-2: Fly out, F6 (Flyball, 6MD, EV 93.8 MPH)
Top of the 3rd over - 2 runs, 2 hits, 0 errors, 1 left on base; Rice University 2 - University of South Carolina 0
BOTTOM OF THE 3RD
University of South Carolina Gamecocks batting - Pitching for Rice University Owls : LHP Larry Schall
Batting: RHB Mike Sebastian 0-0: Ball
1-0: Swinging Strike
1-1: Foul Ball, location: 2F
1-2: Foul Ball, location: 2F
1-2: Ball
2-2: Ball
3-2: Ground out 6-3 (Groundball, 6, EV 87.5 MPH)
Batting: RHB Billy Grubbs 0-0: Ball
1-0: Foul Ball, location: 2F
1-1: Ball
2-1: Foul Ball, location: 2F
2-2: Foul Ball, location: 2F
2-2: Ball
3-2: Foul Ball, location: 2F
3-2: SINGLE (Line Drive, 34D, EV 102.5 MPH)
Batting: LHB Ramon Vega 0-0: Ball
1-0: Ball
2-0: Ball
3-0: Base on Balls
Billy Grubbs to second
Batting: RHB Duncan Collins 0-0: Called Strike
0-1: Swinging Strike
0-2: Ball
1-2: Foul Ball, location: 2F
1-2: Strikes out swinging
Batting: RHB Lucan Esini 0-0: Ball
1-0: Swinging Strike
1-1: Foul Ball, location: 2F
1-2: SINGLE (Groundball, 6MD, EV 99.4 MPH)
Billy Grubbs to third
Ramon Vega to second
Batting: RHB John Rios 0-0: Fly out, F8 (Flyball, 8RM, EV 87.5 MPH)
Bottom of the 3rd over - 0 runs, 2 hits, 0 errors, 3 left on base; Rice University 2 - University of South Carolina 0
TOP OF THE 4TH
Rice University Owls batting - Pitching for University of South Carolina Gamecocks : LHP Jason Alexander
Batting: LHB Chance McWilliams 0-0: Called Strike
0-1: Called Strike
0-2: Strikes out looking
Batting: LHB Justin Blakely 0-0: Ball
1-0: Called Strike
1-1: Ball
2-1: Foul Ball, location: 2F
2-2: Strikes out swinging
Batting: LHB Igor Ciobanu 0-0: Foul Ball, location: 2F
0-1: Foul Ball, location: 2F
0-2: Ground out 5-3 (Groundball, 56, EV 90.6 MPH)
Top of the 4th over - 0 runs, 0 hits, 0 errors, 0 left on base; Rice University 2 - University of South Carolina 0
BOTTOM OF THE 4TH
University of South Carolina Gamecocks batting - Pitching for Rice University Owls : LHP Larry Schall
Batting: LHB Luke Coulter 0-0: Ball
1-0: Ball
2-0: Ball
3-0: Base on Balls
Batting: RHB Andrew Rich 0-0: Grounds into double play, 6-4-3 (Groundball, 6, EV 89.4 MPH)
Batting: RHB Ryan Pelletier 0-0: Ball
1-0: Fly out, F9 (Flyball, 9, EV 95.0 MPH)
Bottom of the 4th over - 0 runs, 0 hits, 0 errors, 0 left on base; Rice University 2 - University of South Carolina 0
TOP OF THE 5TH
Rice University Owls batting - Pitching for University of South Carolina Gamecocks : LHP Jason Alexander
Batting: LHB Stephen Van Raalte 0-0: Ball
1-0: Called Strike
1-1: SOLO HOME RUN (Flyball, 8LXD, EV 114.4 MPH), Distance : 450 ft
Batting: RHB Alvaro Romero 0-0: Foul Ball, location: 2F
0-1: Ball
1-1: SINGLE (Line Drive, 8LS, EV 98.1 MPH)
Batting: RHB Jose Ramirez 0-0: Ball
1-0: Sac Bunt to 13 - play at first, batter OUT! 1-4
Alvaro Romero to second
Batting: RHB Edgar Garcia 0-0: Ball
1-0: Fly out, F5 (Popup, 5S, EV 71.9 MPH)
Batting: RHB Mike Cavagnaro 0-0: Foul Ball, location: 2F
0-1: Foul Ball, location: 2F
0-2: SINGLE (Groundball, 13S, EV 63.8 MPH) (infield hit)
Alvaro Romero to third
Batting: LHB Kelvin Jones 0-0: Ball
1-0: Called Strike
1-1: Foul Ball, location: 2F
1-2: Ball
2-2: Foul Ball, location: 2F
2-2: Strikes out swinging
Top of the 5th over - 1 run, 3 hits, 0 errors, 2 left on base; Rice University 3 - University of South Carolina 0
BOTTOM OF THE 5TH
University of South Carolina Gamecocks batting - Pitching for Rice University Owls : LHP Larry Schall
Batting: RHB Mike Sebastian 0-0: Ball
1-0: Called Strike
1-1: SINGLE (Groundball, 56D, EV 85.6 MPH) (infield hit)
Batting: RHB Billy Grubbs 0-0: Ball
1-0: Swinging Strike
1-1: Ball
2-1: Bunt missed!
2-2: Grounds into double play, 6-4-3 (Groundball, 6, EV 105.0 MPH)
Batting: LHB Ramon Vega 0-0: Ground out 3-1 (Groundball, 34S, EV 84.4 MPH)
Bottom of the 5th over - 0 runs, 1 hit, 0 errors, 0 left on base; Rice University 3 - University of South Carolina 0
TOP OF THE 6TH
Rice University Owls batting - Pitching for University of South Carolina Gamecocks : LHP Jason Alexander
Batting: LHB Chance McWilliams 0-0: Called Strike
0-1: Ball
1-1: Ball
2-1: SINGLE (Groundball, 4S, EV 76.3 MPH) (infield hit)
Batting: LHB Justin Blakely 0-0: Ball
1-0: Ball
2-0: Ball
3-0: Called Strike
3-1: Base on Balls
Chance McWilliams to second
Batting: LHB Igor Ciobanu 0-0: Ball
1-0: Fly out, F8 (Flyball, 78D, EV 91.3 MPH)
Batting: LHB Stephen Van Raalte 0-0: Foul Ball, location: 2F
0-1: Ball
1-1: Ball
2-1: Ball
3-1: Base on Balls
Chance McWilliams to third
Justin Blakely to second
Batting: RHB Alvaro Romero 0-0: Ball
1-0: Ball
2-0: GRAND SLAM HOME RUN (Flyball, 7D, EV 103.8 MPH), Distance : 390 ft
Pitching: RHP Jordan Martinez
Batting: RHB Jose Ramirez 0-0: Ball
1-0: Foul Ball, location: 2F
1-1: Called Strike
1-2: Ground out 5-3 (Groundball, 56, EV 95.0 MPH)
Batting: RHB Edgar Garcia 0-0: Ball
1-0: Fly out, F8 (Line Drive, 8LD, EV 103.1 MPH)
Top of the 6th over - 4 runs, 2 hits, 0 errors, 0 left on base; Rice University 7 - University of South Carolina 0
BOTTOM OF THE 6TH
University of South Carolina Gamecocks batting - Pitching for Rice University Owls : LHP Larry Schall
Batting: RHB Duncan Collins 0-0: Fly out, F9 (Flyball, 9LM, EV 83.1 MPH)
Batting: RHB Lucan Esini 0-0: Ball
1-0: Ball
2-0: Foul Ball, location: 2F
2-1: Foul Ball, location: 2F
2-2: Ground out 5-3 (Groundball, 56, EV 103.1 MPH)
Batting: RHB John Rios 0-0: Called Strike
0-1: Foul Ball, location: 2F
0-2: SINGLE (Line Drive, 56D, EV 108.1 MPH)
Batting: LHB Luke Coulter 0-0: SINGLE (Line Drive, 8RS, EV 93.1 MPH)
John Rios to second
Batting: RHB Andrew Rich 0-0: Called Strike
0-1: Fly out, F8 (Line Drive, 8LD, EV 91.3 MPH)
Bottom of the 6th over - 0 runs, 2 hits, 0 errors, 2 left on base; Rice University 7 - University of South Carolina 0
TOP OF THE 7TH
Rice University Owls batting - Pitching for University of South Carolina Gamecocks : RHP Jordan Martinez
Batting: RHB Mike Cavagnaro 0-0: Ball
1-0: Ball
2-0: Fly out, F8 (Flyball, 89D, EV 103.8 MPH)
Batting: LHB Kelvin Jones 0-0: Ball
1-0: Foul Ball, location: 2F
1-1: SOLO HOME RUN (Flyball, 7D, EV 100.6 MPH), Distance : 410 ft
Batting: LHB Chance McWilliams 0-0: Ball
1-0: Hit by Pitch
Batting: RHB Russ Cornett 0-0: Called Strike
0-1: Ball
1-1: Foul Ball, location: 2F
1-2: SINGLE (Line Drive, 7S, EV 87.5 MPH)
Chance McWilliams to second
Batting: LHB Igor Ciobanu 0-0: Ball
1-0: SINGLE (Groundball, 56D, EV 101.9 MPH)
Chance McWilliams to third
Russ Cornett to second
Runner from 3rd tries for Home, throw by LF and OUT! 7-2
Batting: LHB Stephen Van Raalte 0-0: Foul Ball, location: 2F
0-1: Ball
1-1: Ball
2-1: Called Strike
2-2: Foul Ball, location: 2F
2-2: Strikes out swinging
Top of the 7th over - 1 run, 3 hits, 0 errors, 2 left on base; Rice University 8 - University of South Carolina 0
BOTTOM OF THE 7TH
University of South Carolina Gamecocks batting - Pitching for Rice University Owls : LHP Larry Schall
Batting: RHB Ryan Pelletier 0-0: Swinging Strike
0-1: Called Strike
0-2: Ball
1-2: Ball
2-2: Fly out, F9 (Flyball, 9S, EV 71.9 MPH)
Batting: RHB Mike Sebastian 0-0: Called Strike
0-1: Foul Ball, location: 2F
0-2: Strikes out swinging
Batting: RHB Billy Grubbs 0-0: Called Strike
0-1: Swinging Strike
0-2: Ball
1-2: Strikes out swinging
Bottom of the 7th over - 0 runs, 0 hits, 0 errors, 0 left on base; Rice University 8 - University of South Carolina 0
TOP OF THE 8TH
Rice University Owls batting - Pitching for University of South Carolina Gamecocks : RHP Jordan Martinez
Batting: RHB Alvaro Romero 0-0: Called Strike
0-1: Called Strike
0-2: Ball
1-2: Ball
2-2: SOLO HOME RUN (Flyball, 7D, EV 97.5 MPH), Distance : 399 ft
Batting: RHB Jose Ramirez 0-0: Ball
1-0: DOUBLE (Flyball, 8RD, EV 87.5 MPH)
Batting: RHB Edgar Garcia 0-0: Ball
1-0: Called Strike
1-1: Called Strike
1-2: Fly out, F5 (Line Drive, 5, EV 63.1 MPH)
Pitching: RHP Larry McPhee
Batting: RHB Mike Cavagnaro 0-0: Ball
1-0: Ground out 4-3 (Groundball, 4, EV 82.5 MPH)
Jose Ramirez to third
Batting: LHB Kelvin Jones 0-0: Called Strike
0-1: Swinging Strike
0-2: Strikes out swinging
Top of the 8th over - 1 run, 2 hits, 0 errors, 1 left on base; Rice University 9 - University of South Carolina 0
BOTTOM OF THE 8TH
University of South Carolina Gamecocks batting - Pitching for Rice University Owls : LHP Larry Schall
Batting: LHB Ramon Vega 0-0: Called Strike
0-1: Foul Ball, location: 2F
0-2: Fly out, F4 (Flyball, 34D, EV 77.5 MPH)
Batting: RHB Duncan Collins 0-0: Called Strike
0-1: Ball
1-1: Foul Ball, location: 2F
1-2: Foul Ball, location: 2F
1-2: Foul Ball, location: 2F
1-2: Foul Ball, location: 2F
1-2: Ball
2-2: Foul Ball, location: 2F
2-2: Reached on error, E5 (Groundball, 5, EV 81.9 MPH)
Batting: RHB Lucan Esini 0-0: Called Strike
0-1: Foul Ball, location: 2F
0-2: Ball
1-2: Fielders Choice at 2nd, 5-4 (Groundball, 56S, EV 88.1 MPH)
Batting: RHB John Rios 0-0: SINGLE (Groundball, 56D, EV 106.3 MPH)
Lucan Esini to second
Batting: LHB Luke Coulter 0-0: Called Strike
0-1: SINGLE (Groundball, 4D, EV 101.3 MPH)
Lucan Esini to third
John Rios to second
Runner from 3rd tries for Home, SAFE, throw by CF to home
Pitching: RHP Jon Monda
Batting: RHB Andrew Rich 0-0: Fly out, F8 (Flyball, 8RS, EV 88.1 MPH)
Bottom of the 8th over - 1 run, 2 hits, 1 error, 2 left on base; Rice University 9 - University of South Carolina 1
TOP OF THE 9TH
Rice University Owls batting - Pitching for University of South Carolina Gamecocks : RHP Larry McPhee
Batting: LHB Chance McWilliams 0-0: Reached on error, E5 (Groundball, 56, EV 86.9 MPH)
Batting: RHB Russ Cornett 0-0: Fly out, F8 (Flyball, 8LD, EV 84.4 MPH)
Batting: LHB Igor Ciobanu 0-0: Fly out, F9 (Flyball, 9, EV 89.4 MPH)
Batting: LHB Stephen Van Raalte 0-0: Swinging Strike
0-1: SINGLE (Flyball, 78S, EV 93.1 MPH)
Chance McWilliams to second
Batting: RHB Alvaro Romero 0-0: Called Strike
0-1: Foul Ball, location: 2F
0-2: Foul Ball, location: 2F
0-2: Ball
1-2: Ball
2-2: Ball
3-2: Base on Balls
Chance McWilliams to third
Stephen Van Raalte to second
Batting: RHB Jose Ramirez 0-0: Called Strike
0-1: Ball
1-1: Ball
2-1: Foul Ball, location: 2F
2-2: Ball
3-2: Foul Ball, location: 2F
3-2: Foul Ball, location: 2F
3-2: Base on Balls
Chance McWilliams scores
Stephen Van Raalte to third
Alvaro Romero to second
Batting: RHB Edgar Garcia 0-0: Called Strike
0-1: Fly out, F8 (Flyball, 8LD, EV 93.1 MPH)
Top of the 9th over - 1 run, 1 hit, 1 error, 3 left on base; Rice University 10 - University of South Carolina 1
BOTTOM OF THE 9TH
University of South Carolina Gamecocks batting - Pitching for Rice University Owls : RHP Jon Monda
Batting: RHB Ryan Pelletier 0-0: Called Strike
0-1: SINGLE (Groundball, 34D, EV 105.6 MPH)
Batting: RHB Mike Sebastian 0-0: Called Strike
0-1: Swinging Strike
0-2: Strikes out swinging
Pinch Hitting: RHB Dan Friess 0-0: Fly out, F4 (Line Drive, 4, EV 68.1 MPH)
Batting: LHB Ramon Vega 0-0: Foul Ball, location: 2F
0-1: Foul Ball, location: 2F
0-2: Strikes out looking
Bottom of the 9th over - 0 runs, 1 hit, 0 errors, 1 left on base; Rice University 10 - University of South Carolina 1
Thursday, March 31st , 2022 - OOTP Baseball 22.12 Build 89